 Dungeon Crawl Stone Soup version 0.28.0-53-g5a82cb258f (webtiles) character file.

Game seed: 17462446813455331628

286 tizbic2 the Grave Robber (level 6, -6/45 HPs)
             Began as a Ghoul Necromancer on July 17, 2022.
             Shot with an arrow by a centaur (12 damage)
             ... on level 4 of the Dungeon.
             The game lasted 00:18:33 (4021 turns).

tizbic2 the Grave Robber (Ghoul Necromancer)        Turns: 4021, Time: 00:18:34

Health: -6/45      AC:  7    Str: 12    XL:     6   Next: 30%
Magic:  9/9        EV: 10    Int: 12    God:
Gold:   142        SH:  5    Dex:  9    Spells: 6/10 levels left

rFire   + . .      SeeInvis .   w - +1 hunting sling (freeze)
rCold   + . .      Faith    .   (no shield)
rNeg    + + +      Spirit   .   d - +0 ring mail
rPois   ∞          Reflect  +   n - +2 hat
rElec   .          Harm     .   (no cloak)
rCorr   .          Rampage  .   (no gloves)
Will    .....                   (no boots)
Stlth   +.........              z - amulet of reflection
HPRegen 0.00/turn               m - ring of protection from fire
MPRegen 0.11/turn               (no ring)

@: inhibited regen
A: claws 1, cold resistance 1, negative energy resistance 3, inhibited
regeneration, torment resistance 2
a: no special abilities


You were on level 4 of the Dungeon.
You visited 1 branch of the dungeon, and saw 4 of its levels.

You collected 142 gold pieces.

Inventory:

Hand Weapons
 a - a +0 quick blade
 w - a +1 hunting sling of freezing (weapon)
Missiles
 f - 13 poisoned darts
 g - 5 boomerangs
 h - 87 stones (quivered ammo)
 l - a throwing net
 s - 46 arrows
 t - 46 bolts
Armour
 d - a +0 ring mail (worn)
 n - a +2 hat (worn)
Magical Staves
 b - a staff of air
 C - a staff of conjuration
Jewellery
 m - a ring of protection from fire (left claw)
 z - an amulet of reflection (around neck)
Wands
 x - a wand of digging (5)
Scrolls
 c - 3 scrolls of enchant armour {unknown}
 e - 2 scrolls of identify {unknown}
 o - a scroll of magic mapping {unknown}
 q - a scroll of vulnerability {unknown}
 r - a scroll of silence {unknown}
 u - a scroll of immolation {unknown}
 v - a scroll of enchant weapon {unknown}
 y - a scroll of holy word {unknown}
 A - 2 scrolls of blinking {unknown}
 B - a scroll of fear {unknown}
Potions
 j - a potion of mutation {unknown}
 k - a potion of heal wounds {unknown}
 p - a potion of magic {unknown}


   Skills:
 * Level 2.1 Short Blades
 - Level 2.2 Staves
 + Level 1.8 Slings
 - Level 1.7 Dodging
 - Level 2.1 Stealth
 + Level 2.7 Spellcasting
 + Level 4.8 Necromancy
 - Level 1.1 Evocations


You had 6 spell levels left.
You knew the following spells:

 Your Spells              Type           Power      Damage    Failure   Level
a - Pain                  Necr           52%        1d6       8%          1
b - Vampiric Draining     Necr           13%        2d6       24%         3

Your spell library contained the following spells:

 Spells                   Type           Power      Damage    Failure   Level
 Animate Skeleton         Necr           26%        N/A       8%          1
 Animate Dead             Necr           6%         N/A       61%         4
 Agony                    Necr           13%        N/A       91%         5


Dungeon Overview and Level Annotations

Branches:
Dungeon (4/15)
 Temple: D:4-7

Altars:
Ru
Sif Muna
Vehumet


Innate Abilities, Weirdness & Mutations

You thrive by killing the living.
You are immune to poison.
You have sharp fingernails.
Your flesh is cold resistant. (rC+)
You are immune to negative energy. (rN+++)
You do not regenerate when monsters are visible.
You are immune to unholy pain and torment.


Message History

You see here a quokka corpse.
Your +1 hunting sling of freezing is covered in frost.
w - a +1 hunting sling of freezing (weapon)
You now have 142 gold pieces (gained 14).
h - 88 stones (gained 1)
A hobgoblin comes into view.
Found a fizzy puce potion.
Found a scroll labelled RYTEIR ARRE.
You shoot a stone. The stone hits the hobgoblin.
The stone freezes the hobgoblin.
You kill the hobgoblin!
h - 88 stones (gained 1)
h - 89 stones (gained 1)
You see here a hobgoblin corpse.
A centaur comes into view.
The centaur shouts!
The centaur wields a +0 shortbow.
The centaur shoots an arrow.
The arrow hits you!
You see here a glowing cyan potion.
You shoot a stone.
The stone hits the centaur but does no damage.
The centaur shoots an arrow.
The arrow closely misses you.
A hound skeleton comes into view.
The centaur shoots an arrow.
The arrow hits you!
You shoot a stone. The stone hits the centaur.
The stone freezes the centaur.
The centaur is lightly wounded.
The centaur shoots an arrow.
The arrow hits you!
You are too injured to fight recklessly!
You see here a hobgoblin corpse.
The centaur shoots an arrow.
The arrow hits you.
The centaur shoots an arrow.
The arrow hits you.
The centaur shoots an arrow.
You reflect the arrow off an invisible shield around you!
The arrow hits the centaur!
The centaur shoots an arrow.
The arrow hits you.
* * * LOW HITPOINT WARNING * * *
The centaur shoots an arrow.
The arrow hits you!
* * * LOW HITPOINT WARNING * * *
The centaur shoots an arrow.
The arrow barely misses you.
The centaur shoots an arrow.
The arrow hits you!
You die...

#...##..###........##
#.....# ##........# ...
###....# ##.......###..#
.#.....## ##.......#...#
..†##...## #..........#
...###...# ##.........##
....###..######..........#
.....###.................#
......###.......@........#
......##.c#########......#>.
......##..# ##........
......##.## ##..##...#
......#..# ###...## ...
Z.....#c.## ###......#
.....#Z...#####........#
.......................#
######...........##....#


You could see a centaur.

Vanquished Creatures
  A necrophage (D:4)
  A hound (D:4)
  An iguana (D:4)
  A hound skeleton (D:4)
  6 adders
  4 worms
  2 dart slugs
  An orc (D:3)
  4 endoplasms
  3 giant cockroaches
  11 goblins
  8 hobgoblins
  3 quokkas
  5 ball pythons
  5 bats
  3 frilled lizards
  4 kobolds
  2 rats
65 creatures vanquished.

Notes
Turn   | Place    | Note
-------+----------+-------------------------------------------
     0 | D:1      | tizbic2 the Ghoul Necromancer began the quest for the Orb.
     0 | D:1      | Reached XP level 1. HP: 14/14 MP: 2/2
   573 | D:1      | Reached XP level 2. HP: 13/20 MP: 1/3
   851 | D:1      | Reached skill level 1 in Staves
  1229 | D:2      | Reached XP level 3. HP: 26/26 MP: 2/5
  1249 | D:2      | Found a faded altar of an unknown god.
  1554 | D:2      | Reached skill level 1 in Evocations
  2220 | D:3      | Reached XP level 4. HP: 17/33 MP: 0/6
  2228 | D:3      | Learned a level 3 spell: Vampiric Draining
  2764 | D:3      | Reached skill level 1 in Slings
  2930 | D:3      | Found a faded altar of an unknown god.
  2930 | D:3      | Found a radiant altar of Vehumet.
  2938 | D:3      | Found a shimmering blue altar of Sif Muna.
  2941 | D:3      | Found a faded altar of an unknown god.
  2943 | D:3      | Found a sacrificial altar of Ru.
  3460 | D:4      | Reached XP level 5. HP: 35/38 MP: 7/7
  3470 | D:4      | Reached skill level 1 in Short Blades
  3807 | D:4      | Noticed a necrophage
  3827 | D:4      | Killed a necrophage
  3828 | D:4      | Reached XP level 6. HP: 30/45 MP: 7/9
  4021 | D:4      | Shot with an arrow by a centaur

Illustrated notes

Levels and vault maps discovered:
D:1:      ebering_trefoil_twist, layout_basic, serial_forest,
          infiniplex_forest_clump_C, infiniplex_forest_lined_1,
          infiniplex_forest_zigzag_2, infiniplex_forest_clump_medium,
          infiniplex_forest_clump_small, infiniplex_forest_fountain,
          glass_columns_a, roderic_serpentine_path
D:2:      layout_loops_ring, ebering_ecumenical_altar_box, minmay_tetromino_t4
D:3:      layout_basic, chequers_temple_overflow_minitemple
D:4:      layout_layer_cave

Skill      XL: |  1  2  3  4  5 |
---------------+----------------+-----
Staves         | 1 2 |  2.2
Spellcasting   | 2 |  2.7
Evocations     | 1 |  1.1
Slings         | 1 |  1.8
Short Blades   | 2 |  2.1
Dodging        | |  1.7
Stealth        | |  2.1
Necromancy     | |  4.8

Action                   |  1- 3 |  4- 6 || total
-------------------------+-------+-------++-------
Melee: Staff             |    69 |       ||    69
       Dagger            |    38 |    25 ||    63
       Quick blade       |       |    59 ||    59
 Fire: Hunting sling     |    30 |    44 ||    74
 Cast: Pain              |    34 |     8 ||    42
       Vampiric Draining |       |     2 ||     2
  Use: Potion            |       |     1 ||     1
Armor: Ring mail         |    48 |    19 ||    67
Dodge: Dodged            |    60 |    39 ||    99
Block: Other             |       |    18 ||    18
       Reflection        |       |     3 ||     3
